| TOP OF THE 1ST |
|
Pensacola Blue Wahoos batting - Pitching for Columbia Fireflies : RHP Hugo Valentin
|
|
Pitching: RHP Hugo Valentin
|
|
|
Batting: RHB Solange Le Coq
|
0-0: Ball 1-0: Called Strike 1-1: Reached on error, E6 (Groundball, 56, EV 96.3 MPH)
|
|
Batting: RHB Tim Wormell
|
0-0: Ball Solange Le Coq is caught stealing 2nd base 2-4 1-0: Ball 2-0: Called Strike 2-1: Ground out 6-3 (Groundball, 6, EV 88.1 MPH)
|
|
Batting: LHB Steven Wamble
|
0-0: Ball 1-0: Ball 2-0: Called Strike 2-1: Foul Ball, location: 2F 2-2: Ground out 3-1 (Groundball, 13, EV 84.4 MPH)
|
| Top of the 1st over - 0 runs, 0 hits, 1 error, 0 left on base; Pensacola 0 - Columbia 0 |
| BOTTOM OF THE 1ST |
|
Columbia Fireflies batting - Pitching for Pensacola Blue Wahoos : RHP Mikihiro Kawai
|
|
Pitching: RHP Mikihiro Kawai
|
|
|
Batting: RHB Billy Walker
|
0-0: Called Strike 0-1: Ball 1-1: Fly out, F8 (Line Drive, 8RD, EV 90.0 MPH)
|
|
Batting: LHB Adam Hairston
|
0-0: Ball 1-0: Foul Ball, location: 2F 1-1: Swinging Strike 1-2: Ball 2-2: Ball 3-2: Foul Ball, location: 2F 3-2: SINGLE (Flyball, 3D, EV 93.8 MPH)
|
|
Batting: LHB Ben Goldstein
|
0-0: Called Strike 0-1: Ball 1-1: Called Strike Adam Hairston steals 2nd base 1-2: Foul Ball, location: 2F 1-2: Ground out 4-3 (Groundball, 4, EV 105.6 MPH) Adam Hairston to third
|
|
Batting: RHB Bobby Mabrey
|
0-0: Ground out 5-3 (Groundball, 56, EV 98.1 MPH)
|
| Bottom of the 1st over - 0 runs, 1 hit, 0 errors, 1 left on base; Pensacola 0 - Columbia 0 |
| TOP OF THE 2ND |
|
Pensacola Blue Wahoos batting - Pitching for Columbia Fireflies : RHP Hugo Valentin
|
|
Batting: RHB Jason Harris
|
0-0: Called Strike 0-1: Ball 1-1: Foul Ball, location: 2F 1-2: DOUBLE (Flyball, 8RXD, EV 91.3 MPH)
|
|
Batting: LHB Manny Ruvalcaba
|
0-0: Foul Ball, location: 2F 0-1: Ball 1-1: Ground out U3 (Groundball, 3L, EV 106.9 MPH) Jason Harris to third
|
|
Batting: RHB Jon Marquez
|
0-0: Swinging Strike 0-1: Foul Ball, location: 2F 0-2: Ball 1-2: Foul Ball, location: 2F 1-2: Strikes out swinging
|
|
Batting: SHB Jared Thomas
|
0-0: Called Strike 0-1: Ball 1-1: Ball 2-1: Foul Ball, location: 2F 2-2: Fly out, F7 (Flyball, 78S, EV 83.1 MPH)
|
| Top of the 2nd over - 0 runs, 1 hit, 0 errors, 1 left on base; Pensacola 0 - Columbia 0 |
| BOTTOM OF THE 2ND |
|
Columbia Fireflies batting - Pitching for Pensacola Blue Wahoos : RHP Mikihiro Kawai
|
|
Batting: LHB Pete DeHart
|
0-0: Ball 1-0: Foul Ball, location: 2F 1-1: Ball 2-1: Foul Ball, location: 2F 2-2: Ball 3-2: Base on Balls
|
|
Batting: RHB Leon Edwards
|
0-0: Ball 1-0: Called Strike 1-1: Fielders Choice at 2nd, 3-6 (Groundball, 3, EV 108.1 MPH)
|
|
Batting: RHB Seth Daniel
|
0-0: Ball 1-0: Ball 2-0: Ball 3-0: Called Strike 3-1: Base on Balls Leon Edwards to second
|
|
Batting: RHB Mike Phillips
|
0-0: Called Strike 0-1: Ball 1-1: Ball 2-1: Fielders Choice at 2nd, 6-4 (Groundball, 6, EV 80.6 MPH) Leon Edwards to third
|
|
Batting: RHB Jonathan Jelich
|
0-0: Called Strike 0-1: Ball 1-1: Called Strike 1-2: Strikes out swinging
|
| Bottom of the 2nd over - 0 runs, 0 hits, 0 errors, 2 left on base; Pensacola 0 - Columbia 0 |
| TOP OF THE 3RD |
|
Pensacola Blue Wahoos batting - Pitching for Columbia Fireflies : RHP Hugo Valentin
|
|
Batting: RHB Pedro Pinero
|
0-0: Fly out, F7 (Flyball, 7S, EV 88.1 MPH)
|
|
Batting: RHB Chris Holland
|
0-0: SOLO HOME RUN (Flyball, 7LD, EV 91.9 MPH), Distance : 342 ft
|
|
Batting: RHB Solange Le Coq
|
0-0: Foul Ball, location: 2F 0-1: Ball 1-1: Foul Ball, location: 2F 1-2: Fly out, F7 (Flyball, 7LS, EV 83.8 MPH)
|
|
Batting: RHB Tim Wormell
|
0-0: Ball 1-0: Foul Ball, location: 2F 1-1: Ball 2-1: DOUBLE (Line Drive, 9LM, EV 103.1 MPH)
|
|
Batting: LHB Steven Wamble
|
0-0: Ball 1-0: Ground out 4-3 (Groundball, 4, EV 82.5 MPH)
|
| Top of the 3rd over - 1 run, 2 hits, 0 errors, 1 left on base; Pensacola 1 - Columbia 0 |
| BOTTOM OF THE 3RD |
|
Columbia Fireflies batting - Pitching for Pensacola Blue Wahoos : RHP Mikihiro Kawai
|
|
Batting: RHB Billy Walker
|
0-0: Swinging Strike 0-1: Ball 1-1: Swinging Strike 1-2: Strikes out looking
|
|
Batting: LHB Adam Hairston
|
0-0: Ball 1-0: Ball 2-0: Called Strike 2-1: Ball 3-1: Base on Balls
|
|
Batting: LHB Ben Goldstein
|
0-0: Ball Adam Hairston steals 2nd base 1-0: Called Strike 1-1: Called Strike Adam Hairston steals 3rd base 1-2: Ball 2-2: Strikes out swinging
|
|
Batting: RHB Bobby Mabrey
|
0-0: Ball 1-0: Ball 2-0: Ball 3-0: Called Strike 3-1: SINGLE (Groundball, 34S, EV 66.9 MPH) (infield hit) Adam Hairston scores
|
|
Batting: LHB Pete DeHart
|
0-0: Ball 1-0: Called Strike 1-1: Swinging Strike 1-2: Fly out, F7 (Line Drive, 7S, EV 98.8 MPH)
|
| Bottom of the 3rd over - 1 run, 1 hit, 0 errors, 1 left on base; Pensacola 1 - Columbia 1 |
| TOP OF THE 4TH |
|
Pensacola Blue Wahoos batting - Pitching for Columbia Fireflies : RHP Hugo Valentin
|
|
Batting: RHB Jason Harris
|
0-0: Ball 1-0: Foul Ball, location: 2F 1-1: Ball 2-1: Ball 3-1: Called Strike 3-2: Foul Ball, location: 2F 3-2: Ground out 3-1 (Groundball, 34D, EV 103.8 MPH)
|
|
Batting: LHB Manny Ruvalcaba
|
0-0: Swinging Strike 0-1: Ball 1-1: Foul Ball, location: 2F 1-2: Strikes out looking
|
|
Batting: RHB Jon Marquez
|
0-0: Ball 1-0: Foul Ball, location: 2F 1-1: Fly out, F9 (Flyball, 89S, EV 76.3 MPH)
|
| Top of the 4th over - 0 runs, 0 hits, 0 errors, 0 left on base; Pensacola 1 - Columbia 1 |
| BOTTOM OF THE 4TH |
|
Columbia Fireflies batting - Pitching for Pensacola Blue Wahoos : RHP Mikihiro Kawai
|
|
Batting: RHB Leon Edwards
|
0-0: Ball 1-0: Called Strike 1-1: Ball 2-1: Foul Ball, location: 2F 2-2: Foul Ball, location: 2F 2-2: Strikes out swinging
|
|
Batting: RHB Seth Daniel
|
0-0: Called Strike 0-1: Swinging Strike 0-2: Ball 1-2: Foul Ball, location: 2F 1-2: Hit by Pitch
|
|
Batting: RHB Mike Phillips
|
0-0: Ball 1-0: Ball 2-0: Ball 3-0: Called Strike 3-1: Called Strike 3-2: Base on Balls Seth Daniel to second
|
|
Batting: RHB Jonathan Jelich
|
0-0: Grounds into double play, 6-4-3 (Groundball, 6M, EV 76.3 MPH)
|
| Bottom of the 4th over - 0 runs, 0 hits, 0 errors, 1 left on base; Pensacola 1 - Columbia 1 |
| TOP OF THE 5TH |
|
Pensacola Blue Wahoos batting - Pitching for Columbia Fireflies : RHP Hugo Valentin
|
|
Batting: SHB Jared Thomas
|
0-0: Ball 1-0: Ball 2-0: SINGLE (Groundball, 56D, EV 106.9 MPH)
|
|
Batting: RHB Pedro Pinero
|
0-0: Ball 1-0: Fielders Choice at 2nd, 5-4 (Groundball, 56S, EV 88.1 MPH)
|
|
Batting: RHB Chris Holland
|
0-0: Ball 1-0: Fly out, F7 (Flyball, 78D, EV 82.5 MPH)
|
|
Batting: RHB Solange Le Coq
|
0-0: Ball Pedro Pinero steals 2nd base (no throw) 1-0: Foul Ball, location: 2F 1-1: Swinging Strike 1-2: Ball 2-2: Ball 3-2: Strikes out swinging
|
| Top of the 5th over - 0 runs, 1 hit, 0 errors, 1 left on base; Pensacola 1 - Columbia 1 |
| BOTTOM OF THE 5TH |
|
Columbia Fireflies batting - Pitching for Pensacola Blue Wahoos : RHP Mikihiro Kawai
|
|
Batting: RHB Billy Walker
|
0-0: SINGLE (Groundball, 56, EV 106.9 MPH)
|
|
Batting: LHB Adam Hairston
|
0-0: Ball Billy Walker steals 2nd base 1-0: Called Strike 1-1: Foul Ball, location: 2F 1-2: Foul Ball, location: 2F 1-2: Fly out, F7 (Flyball, 7, EV 90.6 MPH)
|
|
Batting: LHB Ben Goldstein
|
0-0: Called Strike Billy Walker steals 3rd base 0-1: Ball 1-1: Ball 2-1: Fly out, F7 (Flyball, 7D, EV 100.6 MPH) Runner from 3rd tags up, SCORES, no throw by LF
|
|
Batting: RHB Bobby Mabrey
|
0-0: Ground out 4-3 (Groundball, 4, EV 91.3 MPH)
|
| Bottom of the 5th over - 1 run, 1 hit, 0 errors, 0 left on base; Pensacola 1 - Columbia 2 |
| TOP OF THE 6TH |
|
Pensacola Blue Wahoos batting - Pitching for Columbia Fireflies : RHP Hugo Valentin
|
|
Batting: RHB Tim Wormell
|
0-0: Ball 1-0: Ball 2-0: Ball 3-0: Base on Balls
|
|
Batting: LHB Steven Wamble
|
0-0: Ball Tim Wormell is caught stealing 2nd base 2-6 1-0: Ground out U3 (Groundball, 3L, EV 100.6 MPH)
|
|
Batting: RHB Jason Harris
|
0-0: Ball 1-0: Ball 2-0: Ground out 4-3 (Groundball, 4, EV 92.5 MPH)
|
| Top of the 6th over - 0 runs, 0 hits, 0 errors, 0 left on base; Pensacola 1 - Columbia 2 |
| BOTTOM OF THE 6TH |
|
Columbia Fireflies batting - Pitching for Pensacola Blue Wahoos : RHP Mikihiro Kawai
|
|
Batting: LHB Pete DeHart
|
0-0: Ball 1-0: Fly out, F9 (Line Drive, 9D, EV 102.5 MPH)
|
|
Batting: RHB Leon Edwards
|
0-0: SINGLE (Groundball, 4MD, EV 107.5 MPH)
|
|
Batting: RHB Seth Daniel
|
0-0: Fielders Choice at 2nd, 4-6 (Groundball, 4, EV 88.1 MPH)
|
|
Batting: RHB Mike Phillips
|
0-0: Called Strike Seth Daniel steals 2nd, throwing error, E2 Seth Daniel to third 0-1: Called Strike 0-2: Foul Ball, location: 2F 0-2: Ball 1-2: Fly out, F8 (Flyball, 89D, EV 91.3 MPH)
|
| Bottom of the 6th over - 0 runs, 1 hit, 1 error, 1 left on base; Pensacola 1 - Columbia 2 |
| TOP OF THE 7TH |
|
Pensacola Blue Wahoos batting - Pitching for Columbia Fireflies : RHP Hugo Valentin
|
|
Batting: LHB Manny Ruvalcaba
|
0-0: Called Strike 0-1: Called Strike 0-2: Ball 1-2: Ground out 5-3 (Groundball, 6D, EV 110.0 MPH)
|
|
Batting: RHB Jon Marquez
|
0-0: Ground out 4-3 (Groundball, 4, EV 80.6 MPH)
|
|
Batting: SHB Jared Thomas
|
0-0: Ball 1-0: Ball 2-0: Called Strike 2-1: Foul Ball, location: 2F 2-2: Strikes out swinging
|
| Top of the 7th over - 0 runs, 0 hits, 0 errors, 0 left on base; Pensacola 1 - Columbia 2 |
| BOTTOM OF THE 7TH |
|
Columbia Fireflies batting - Pitching for Pensacola Blue Wahoos : RHP Mikihiro Kawai
|
|
Batting: RHB Jonathan Jelich
|
0-0: Ground out 6-3 (Groundball, 6, EV 80.6 MPH)
|
|
Batting: RHB Billy Walker
|
0-0: Swinging Strike 0-1: Called Strike 0-2: Strikes out looking
|
|
Batting: LHB Adam Hairston
|
0-0: Ball 1-0: Swinging Strike 1-1: SOLO HOME RUN (Flyball, 89XD, EV 98.8 MPH), Distance : 394 ft
|
|
Batting: LHB Ben Goldstein
|
0-0: Called Strike 0-1: Fly out, F8 (Line Drive, 8LM, EV 103.8 MPH)
|
| Bottom of the 7th over - 1 run, 1 hit, 0 errors, 0 left on base; Pensacola 1 - Columbia 3 |
| TOP OF THE 8TH |
|
Pensacola Blue Wahoos batting - Pitching for Columbia Fireflies : RHP Hugo Valentin
|
|
Now in RF: Chris Carter
|
|
|
Batting: RHB Pedro Pinero
|
0-0: Called Strike 0-1: Ball 1-1: DOUBLE (Line Drive, 89XD, EV 105.6 MPH)
|
|
Batting: RHB Chris Holland
|
0-0: Ball 1-0: Called Strike 1-1: Ball 2-1: Foul Ball, location: 2F 2-2: Ball 3-2: Foul Ball, location: 2F 3-2: Fly out, F9 (Line Drive, 9, EV 85.6 MPH)
|
|
Batting: RHB Solange Le Coq
|
0-0: Swinging Strike 0-1: Foul Ball, location: 2F 0-2: Ball 1-2: Ball Wild Pitch! Pedro Pinero to third 2-2: Ball 3-2: Ground out 5-3 (Groundball, 5S, EV 83.1 MPH)
|
|
Pitching: RHP Battista Aldobrandini
|
|
|
Batting: RHB Tim Wormell
|
0-0: Called Strike 0-1: Foul Ball, location: 2F 0-2: Foul Ball, location: 2F 0-2: Foul Ball, location: 2F 0-2: Ball 1-2: Ball 2-2: Ground out 6-3 (Groundball, 6, EV 87.5 MPH)
|
| Top of the 8th over - 0 runs, 1 hit, 0 errors, 1 left on base; Pensacola 1 - Columbia 3 |
| BOTTOM OF THE 8TH |
|
Columbia Fireflies batting - Pitching for Pensacola Blue Wahoos : RHP Mikihiro Kawai
|
|
Pitching: RHP Mario Quezada
|
|
|
Batting: RHB Bobby Mabrey
|
0-0: Ball 1-0: Ball 2-0: SOLO HOME RUN (Flyball, 78XD, EV 106.9 MPH), Distance : 418 ft
|
|
Batting: LHB Pete DeHart
|
0-0: Ball 1-0: Ball 2-0: Ball 3-0: Base on Balls
|
|
Batting: RHB Leon Edwards
|
0-0: Ball 1-0: Bunt missed! 1-1: Bunt missed! 1-2: Ball 2-2: Strikes out looking
|
|
Batting: RHB Seth Daniel
|
0-0: Called Strike 0-1: Called Strike 0-2: Fly out, F5 (Flyball, 56D, EV 87.5 MPH)
|
|
Batting: RHB Mike Phillips
|
0-0: Foul Ball, location: 2F 0-1: Foul Ball, location: 2F 0-2: Foul Ball, location: 2F 0-2: Ball 1-2: Fly out, F9 (Flyball, 9LM, EV 95.0 MPH)
|
| Bottom of the 8th over - 1 run, 1 hit, 0 errors, 1 left on base; Pensacola 1 - Columbia 4 |
| TOP OF THE 9TH |
|
Pensacola Blue Wahoos batting - Pitching for Columbia Fireflies : RHP Battista Aldobrandini
|
|
Pitching: RHP Ryan Wilson
|
|
|
Batting: LHB Steven Wamble
|
0-0: Ground out 1-3 (Groundball, 13S, EV 66.3 MPH)
|
|
Batting: RHB Jason Harris
|
0-0: Ball 1-0: Ball 2-0: SINGLE (Groundball, 34D, EV 97.5 MPH)
|
|
Batting: LHB Manny Ruvalcaba
|
0-0: Grounds out, U3 (Groundball, 3L, EV 100.0 MPH)
|
|
Batting: RHB Jon Marquez
|
0-0: Called Strike 0-1: Foul Ball, location: 2F 0-2: Fly out, F8 (Flyball, 8LD, EV 90.0 MPH)
|
| Top of the 9th over - 0 runs, 1 hit, 0 errors, 1 left on base; Pensacola 1 - Columbia 4 |
|